Map: Pylon LE

Players

ManlyManMeat - Winner!

  • Race: Zerg Zerg
  • League: Diamond
  • Spawn Location: 11:00

DonbassBORN

  • Race: Terran Terran
  • League: Master
  • Spawn Location: 5:00

VOD

Have the link to the VOD?

Description

Time

  • Played on: July 9, 2025, 6:34 a.m.
  • Length: 19:52
Show
View Real Time Build Order
Export as new Build Order

ManlyManMeat Zerg - Winner!

Build Orders: Hatch First 

Get SALT Encoding   

  12  0:00  Drone  
  13  0:08  Drone  
  14  0:14  Extractor  
  14  0:16  Drone  
  15  0:22  Overlord  
  15  0:41  Drone  
  16  0:49  Hatchery  
  15  0:51  Drone  
  15  0:55  Drone  
  17  0:57  Drone  
  18  1:11  Extractor  
  17  1:14  Spawning Pool  
  17  1:16  Drone  
  17  1:20  Drone  
  18  1:26  Drone  
  19  1:36  Drone  
  20  1:48  Drone  
  21  2:04  Queen x2  
  21  2:05  Zergling x2  
  21  2:06  Overlord  
  26  2:09  Drone  
  26  2:14  Metabolic Boost  
  27  2:16  Drone  
  28  2:31  Drone x2  
  29  2:48  Spore Crawler  
  28  2:57  Drone  
  28  2:58  Drone x4  
  33  2:59  Hatchery  
  33  3:01  Drone  
  33  3:04  Queen  
  36  3:09  Overlord  
  36  3:22  Drone, Roach Warren  
  36  3:29  Drone x2  
  36  3:31  Drone x2  
  36  3:32  Drone  
  36  3:33  Zergling x2  
  42  3:41  Overlord  
  41  3:48  Zergling x2  
  42  3:52  Drone  
  43  4:00  Evolution Chamber  
  43  4:02  Drone  
  43  4:03  Drone x2, Extractor  
  43  4:07  Queen  
  48  4:16  Queen  
  50  4:17  Overlord x2  
  50  4:26  Lair  
  50  4:28  Overlord  
  50  4:29  Overlord  
  48  4:35  Zergling x6  
  51  4:39  Baneling Nest  
  51  4:52  Zergling x2  
  51  4:53  Zergling x10  
  51  4:54  Roach x5  
  66  5:06  Queen x2  
  70  5:08  Drone  
  70  5:09  Drone  
  72  5:22  Spore Crawler  
  72  5:24  Spore Crawler  
  72  5:26  Drone x6  
  73  5:41  Zergling x12  
  73  5:42  Zergling x4  
  79  5:48  Overlord x2  
  70  5:53  Zergling x6  
  70  5:56  Zergling x4  
  71  6:00  Spore Crawler  
  68  6:23  Zerg Melee Weapons Level 1  
  68  6:25  Drone x5  
  73  6:26  Hatchery  
  72  6:44  Evolution Chamber  
  71  6:48  Infestation Pit  
  70  7:05  Zergling x6  
  70  7:06  Zergling x4  
  70  7:07  Drone x4, Overlord  
  70  7:08  Overlord x2, Hatchery  
  78  7:10  Overseer, Pneumatized Carapace  
  78  7:12  Zerg Ground Armor Level 1  
  78  7:15  Zergling x2  
  78  7:16  Zergling x4  
  81  7:34  Drone x5  
  81  7:36  Extractor  
  85  7:37  Extractor  
  85  7:38  Extractor x2  
  82  7:47  Zergling x24  
  92  7:53  Centrifugal Hooks  
  92  8:00  Baneling x9  
  92  8:05  Infestor  
  94  8:08  Drone x3  
  94  8:09  Drone x3  
  94  8:10  Drone x3  
  103  8:25  Zergling x12  
  103  8:26  Zergling x8  
  113  8:27  Zerg Melee Weapons Level 2  
  113  8:36  Drone x6  
  119  8:43  Overseer  
  119  8:51  Spire  
  118  9:04  Spine Crawler, Spore Crawler  
  118  9:05  Drone x8  
  118  9:07  Spine Crawler, Infestor  
  118  9:08  Overlord  
  125  9:24  Baneling x12  
  125  9:37  Zergling x10  
  125  9:38  Zergling x12  
  123  9:54  Zergling x2  
  123  9:55  Zergling x6  
  123  9:58  Overlord  
  123  9:59  Overlord x7  
  124  10:02  Corruptor, Hive  
  124  10:03  Corruptor  
  125  10:18  Zerg Ground Armor Level 2  
  125  10:23  Drone x9  
  125  10:24  Infestor x2  
  138  10:42  Neural Parasite  
  138  10:46  Corruptor  
  119  11:03  Zergling x48  
  119  11:04  Zergling x4  
  126  11:12  Zergling x14  
  126  11:15  Zergling x4  
  133  11:32  Corruptor  
  133  11:33  Corruptor x6  
  143  12:13  Overseer, Ultralisk Cavern  
  142  12:25  Drone x3, Extractor  
  142  12:26  Drone x2, Infestor x3  
  142  12:28  Zergling x30, Extractor  
  166  12:35  Drone x3  
  169  12:44  Adrenal Glands  
  168  12:54  Baneling x9  
  168  12:55  Zergling x28  
  182  13:06  Zergling x2  
  182  13:07  Zergling x4  
  182  13:10  Hatchery  
  182  13:11  Hatchery  
  183  13:15  Hatchery  
  178  13:34  Ultralisk x2  
  189  13:36  Zerg Melee Weapons Level 3  
  119  14:05  Ultralisk x2  
  119  14:06  Zergling x56  
  155  14:15  Zergling x22  
  166  14:22  Zerg Ground Armor Level 3, Chitinous Plating  
  163  14:34  Corruptor  
  163  14:35  Corruptor x2  
  163  14:36  Zergling x26  
  132  15:01  Ultralisk x3  
  132  15:02  Zergling x24  
  162  15:08  Baneling x6  
  162  15:09  Zergling x10  
  167  15:20  Queen  
  167  15:21  Queen x2  
  171  15:22  Ultralisk  
  171  15:23  Zergling x20  
  182  15:53  Baneling x3  
  180  15:57  Zergling x14  
  186  16:06  Zergling x2  
  186  16:07  Zergling x6  
  186  16:08  Zergling x8  
  190  16:16  Zergling x2, Overlord  
  190  16:17  Overlord x2  
  191  16:18  Overseer  
  191  16:19  Overseer x2  
  191  16:20  Overlord x2  
  191  16:30  Overlord x3  
  182  16:43  Zergling x2, Ultralisk x3  
  182  16:44  Zergling x6  
  170  17:17  Zergling x42  
  170  17:18  Zergling x16  
  170  17:20  Anabolic Synthesis  
  170  17:22  Zerg Missile Weapons Level 1  
  178  17:24  Zergling x6, Ultralisk x4  
  187  17:41  Zergling x22  
  187  17:42  Zergling x4  
  186  17:58  Zergling x2  
  186  17:59  Zergling x24  
  186  18:05  Baneling x10  
  199  18:06  Baneling  
  193  18:43  Infestor  
  193  18:44  Infestor x2  
  199  18:57  Overseer  
  199  18:58  Spire  
Show
View Real Time Build Order
Export as new Build Order

DonbassBORN Terran 

Build Orders: Reaper Expand 

Get SALT Encoding   

  12  0:00  SCV  
  13  0:12  SCV  
  14  0:17  Supply Depot  
  14  0:24  SCV  
  15  0:39  SCV  
  15  0:40  Barracks  
  16  0:47  Refinery  
  16  0:51  SCV  
  17  1:03  SCV  
  18  1:15  SCV  
  19  1:29  Orbital Command  
  19  1:31  Reaper  
  20  1:42  Command Center  
  20  1:55  SCV  
  20  1:59  Barracks  
  21  2:03  Barracks Reactor  
  21  2:08  Supply Depot  
  21  2:13  Refinery  
  21  2:14  SCV  
  22  2:27  Factory, SCV  
  23  2:39  SCV  
  24  2:47  Barracks Tech Lab  
  24  2:51  SCV  
  24  2:59  Orbital Command  
  24  3:00  Marine x2  
  24  3:03  SCV  
  24  3:05  Marine  
  27  3:12  Starport  
  28  3:15  Factory Reactor, SCV  
  28  3:17  Marine  
  28  3:18  Marine  
  31  3:23  Marine  
  31  3:24  SCV  
  33  3:31  Stimpack  
  33  3:35  Marine  
  33  3:36  Marine  
  33  3:41  SCV x2  
  37  3:46  Marine  
  38  3:54  Marine  
  38  3:55  Marine  
  40  3:57  SCV x2  
  42  4:04  Medivac  
  42  4:05  Supply Depot  
  42  4:06  Supply Depot  
  42  4:08  Medivac  
  46  4:13  Marine x3, SCV x2  
  51  4:25  SCV x2  
  51  4:29  Supply Depot  
  51  4:30  Supply Depot  
  53  4:32  Marine  
  53  4:33  Marine  
  53  4:37  Marine, SCV x2  
  53  4:38  Factory Tech Lab  
  58  4:49  SCV  
  58  4:50  SCV  
  60  4:54  Supply Depot  
  60  4:56  Supply Depot  
  60  5:00  Marine x2  
  60  5:01  SCV  
  60  5:02  SCV  
  64  5:14  Refinery x2, SCV x2  
  65  5:20  Marine x3  
  69  5:26  SCV x2  
  69  5:27  Siege Tank, Medivac  
  69  5:28  Medivac  
  78  5:38  Marine x3, SCV  
  71  5:57  Medivac  
  71  6:01  Marine x3  
  71  6:02  Siege Tank  
  79  6:11  Engineering Bay  
  79  6:12  Command Center  
  79  6:13  Engineering Bay  
  79  6:20  SCV  
  79  6:21  SCV  
  79  6:25  Barracks  
  81  6:26  Barracks  
  81  6:29  Barracks  
  81  6:33  SCV x2  
  81  6:36  Supply Depot  
  81  6:39  Supply Depot, Terran Infantry Armor Level 1, Terran Infantry Weapons Level 1  
  83  6:43  Marauder, Combat Shield  
  85  6:47  SCV x2  
  87  6:59  Marine x2, SCV  
  87  7:00  Supply Depot  
  90  7:03  Supply Depot  
  90  7:05  Marauder  
  90  7:06  Medivac  
  94  7:08  SCV  
  94  7:13  Siege Tank  
  98  7:16  Barracks Tech Lab  
  98  7:17  Barracks Tech Lab  
  98  7:18  Barracks Reactor  
  98  7:21  Marine, SCV  
  100  7:24  Supply Depot  
  100  7:28  Orbital Command  
  100  7:38  Marine  
  100  7:39  Marauder x2  
  100  7:40  Marauder  
  107  7:45  Orbital Command  
  107  7:52  Marine  
  107  7:54  Siege Tank, Medivac  
  107  7:55  SCV  
  107  7:56  Marine  
  107  7:57  SCV  
  116  8:00  Marine x2  
  116  8:01  Marauder  
  120  8:07  SCV  
  120  8:08  Marine  
  120  8:09  Marauder  
  124  8:14  Armory  
  124  8:18  SCV  
  124  8:19  SCV  
  126  8:22  Marauder, SCV  
  126  8:24  Supply Depot  
  126  8:25  Supply Depot, Marine  
  130  8:34  Marauder, Refinery, Marine x2  
  131  8:35  Refinery  
  131  8:36  SCV x2  
  136  8:48  SCV  
  137  8:50  Marine  
  138  9:03  Marine x2  
  138  9:04  Marauder x3  
  146  9:16  Marine x2  
  148  9:22  Concussive Shells  
  148  9:23  Marine x2  
  148  9:24  Terran Infantry Armor Level 2, Terran Infantry Weapons Level 2  
  150  9:25  Marauder  
  150  9:27  Supply Depot  
  150  9:29  Supply Depot, Siege Tank  
  155  9:36  Ghost Academy  
  155  9:38  Marauder, Barracks, Marine x2, Medivac  
  159  9:39  Medivac  
  159  9:41  Barracks  
  159  9:43  Barracks  
  163  9:54  Marine  
  163  9:55  Marine  
  157  10:01  Siege Tank  
  157  10:03  SCV  
  157  10:05  SCV x2  
  162  10:18  SCV x2  
  162  10:20  SCV  
  165  10:26  Supply Depot  
  165  10:31  Supply Depot  
  165  10:32  Supply Depot  
  155  11:00  Marine x2  
  129  11:15  Marine x2  
  129  11:16  Marauder x3, Siege Tank  
  140  11:19  Barracks Reactor x2  
  140  11:20  Barracks Tech Lab  
  140  11:21  Marine  
  141  11:37  Marine  
  141  11:38  Marauder x2  
  136  11:51  Marine x2  
  136  11:52  Marauder x2  
  136  11:53  Siege Tank, Medivac x2  
  149  12:12  Marine x2  
  149  12:13  Marauder  
  153  12:19  Marauder, Marine x3  
  153  12:20  Marauder  
  153  12:21  Command Center  
  160  12:23  Ghost, Marine  
  160  12:25  Marine x2  
  160  12:27  Siege Tank  
  169  12:30  Refinery  
  169  12:34  Ghost  
  172  12:37  Terran Infantry Armor Level 3, Terran Infantry Weapons Level 3  
  172  12:51  Marine x2  
  172  12:52  Marauder  
  172  12:53  Marine x2  
  178  12:59  Command Center  
  178  13:02  Marine x2  
  178  13:03  Siege Tank  
  183  13:09  Marine  
  183  13:10  Marauder, Marine  
  187  13:13  Marine  
  171  13:38  Marine x3  
  171  13:39  Marauder x2, Ghost x2  
  171  13:40  SCV  
  185  13:41  Cyclone  
  185  13:42  Liberator x2  
  160  14:05  Marine x4  
  160  14:06  Marauder x2  
  160  14:07  Marine x4  
  160  14:08  Marauder x2  
  176  14:12  Barracks  
  176  14:16  Barracks  
  176  14:21  Siege Tank  
  176  14:23  Marine x4  
  183  14:24  Marine  
  183  14:25  Medivac  
  183  14:27  Marauder x2  
  183  14:29  Marauder x2  
  123  14:53  Marine x2  
  123  14:54  Marine x2  
  123  14:55  Marauder  
  118  15:04  Planetary Fortress  
  118  15:05  Marine x2  
  120  15:07  Medivac x2  
  120  15:10  Barracks Tech Lab, Starport  
  124  15:15  Barracks Reactor  
  124  15:17  Marine, SCV x2  
  124  15:18  Marauder, Marine x4  
  124  15:19  Marauder x3, Siege Tank  
  142  15:23  Planetary Fortress  
  142  15:28  Marine  
  142  15:29  Marauder, Marine x2  
  147  15:37  Medivac x2  
  147  15:39  Marine x2  
  147  15:40  Marauder x4  
  147  15:42  Marine x2  
  160  15:50  Ghost  
  160  15:52  Marine x2  
  165  15:57  Marine x2  
  165  16:00  Ghost  
  165  16:01  Marauder x2  
  165  16:02  Marauder  
  176  16:07  Medivac  
  175  16:14  Marine x2  
  175  16:18  Medivac  
  179  16:19  Marauder  
  179  16:22  SCV x2  
  179  16:23  Marauder x3  
  179  16:24  SCV x2  
  191  16:26  Refinery  
  191  16:28  Refinery  
  191  16:37  Medivac  
  193  16:42  Marine x4  
  193  16:43  Marauder x2  
  125  17:23  Marine  
  125  17:24  Medivac x2  
  120  17:35  Marine x6  
  120  17:36  Marine x2  
  119  17:44  Marine x3  
  119  17:49  Widow Mine  
  123  17:52  Command Center  
  123  17:59  Marine x6  
  123  18:00  Marine x6  
  123  18:02  Marine x3  
  138  18:15  SCV x3  
  138  18:17  Marine x3  
  144  18:20  Missile Turret  
  144  18:21  Marine x3  
  144  18:22  Marauder x2, Missile Turret x2  
  144  18:23  Missile Turret x2, Command Center  
  144  18:26  Refinery x2  
  151  18:27  SCV x2  
  150  18:34  Starport Reactor, Marine x3  
  150  18:35  Marauder  
  150  18:41  Hi-Sec Auto Tracking  
  136  18:42  Marine x2  
  136  18:43  Marauder x3  
  136  18:48  Marine  
  145  18:57  Marine x3  
  145  18:58  Marine  
  149  19:07  Marine x3  
  152  19:25  Marine x2  
  152  19:26  Marauder  
  152  19:32  Marine x2  
Tags
 
Add a new tag
Caveats
  • Supply blocks, unpowered buildings, or Contaminate may cause inaccurate times.
  • Supply counts are checked every 10 seconds.